 Dungeon Crawl Stone Soup version 0.26-a0-707-g31817bcca1 (webtiles) character file.

Game seed: 16301839907739902213

322 karrick the Chopper (level 6, 0/69 HPs)
             Began as a Demonspawn Gladiator on Oct 27, 2020.
             Slain by a killer bee (5 damage)
             ... on level 3 of the Dungeon.
             The game lasted 00:03:56 (2346 turns).

karrick the Chopper (Demonspawn Gladiator)          Turns: 2346, Time: 00:03:56

Health: 0/69       AC:  9    Str: 15    XL:     6   Next: 22%
Magic:  6/6        EV: 13    Int: 10    God:
Gold:   166        SH:  0    Dex: 15    Spells: 5/5 levels left

rFire    . . .     SeeInvis .   a - +0 war axe
rCold    . . .     Faith    .   (no shield)
rNeg     . . .     Spirit   .   b - +0 leather armour
rPois    .         Reflect  .   c - +0 helmet
rElec    .         Harm     .   (no cloak)
rCorr    .         Rampage  .   (no gloves)
MR       .....                  p - +1 pair of boots
Stlth    ..........             (no amulet)
HPRegen  0.21/turn              (no ring)
MPRegen  0.10/turn              (no ring)

@: berserking, lethally poisoned (0 -> -6), very quick
A: claws 1, icy blue scales 2
a: no special abilities


You were on level 3 of the Dungeon.
You visited 1 branch of the dungeon, and saw 3 of its levels.

You collected 166 gold pieces.

Inventory:

Hand Weapons
 a - a +0 war axe (weapon)
Missiles
 d - 3 throwing nets (quivered)
Armour
 b - a +0 leather armour (worn)
 c - a +0 helmet (worn)
 p - a +1 pair of boots (worn)
Jewellery
 i - an uncursed ring of positive energy {unknown}
Scrolls
 e - 2 scrolls of teleportation {unknown}
 f - 2 scrolls of enchant armour {unknown}
 g - 2 scrolls of blinking {unknown}
 k - a scroll of immolation {unknown}
 l - 2 scrolls of noise {unknown}
 m - 2 scrolls of enchant weapon {unknown}
 q - a scroll of identify {unknown}
 r - a scroll of fear {unknown}
Potions
 h - 2 potions of curing {unknown}
 j - a potion of degeneration {unknown}
 n - a potion of berserk rage
 o - a potion of cancellation {unknown}
 s - a potion of haste {unknown}


   Skills:
 + Level 2.8 Fighting
 + Level 5.0 Axes
 + Level 1.8 Throwing
 + Level 2.1 Armour
 + Level 3.5 Dodging
 + Level 0.4 Stealth


You had 5 spell levels left.
You didn't know any spells.
Your spell library was empty.

Dungeon Overview and Level Annotations

Branches:
Dungeon (3/15)

Altars:
Dithmenos


Innate Abilities, Weirdness & Mutations

You have sharp fingernails.
You are mostly covered in icy blue scales. (AC +3)


Message History

Your Armour skill increases to level 2!
You have reached level 6!
Your experience leads to an increase in your attributes!
Increase (S)trength, (I)ntelligence, or (D)exterity?
You feel stronger.
Your demonic ancestry asserts itself...
Your fingernails lengthen.
You feel sick.
You closely miss the killer bee.
The killer bee is heavily wounded.
The killer bee stings you.
* * * LOW HITPOINT WARNING * * *
You are lethally poisoned!
The killer bee poisons you! The killer bee barely misses you.
You slash the killer bee!
You kill the killer bee!
Your Axes skill increases to level 5!
* * * LOW HITPOINT WARNING * * *
You feel sick.
You barely miss the killer bee. The killer bee stings you.
You die...

### ##### #.. #§§.## #..
##§#§.## #..
...############§§§#..#####..
....?.yy.yy@.#§#§#.#........
......######§§§§_§§§.######.
...##..#######.#.#§#..# #.†
. #........#§§§#§..# ##..
#######...#.#§...###...
##.........##...#
#.........#..#.#
#.........#.##.#
#...........#...


You could see 4 killer bees.

Vanquished Creatures
  2 killer bees (D:3)
  3 jellies (D:2)
  5 adders (D:2)
  8 oozes (D:2)
  A dart slug (D:2)
  10 bats
  2 giant cockroaches (D:1)
  8 goblins
  3 hobgoblins
  6 jackals
  A quokka (D:2)
  A ball python (D:2)
  4 frilled lizards
  16 kobolds
  6 rats
76 creatures vanquished.

Vanquished Creatures (others)
  6 fungi (D:2)
  9 toadstools (D:2)
15 creatures vanquished.

Grand Total: 91 creatures vanquished

Notes
Turn   | Place    | Note
-------+----------+-------------------------------------------
     0 | D:1      | karrick the Demonspawn Gladiator began the quest for the
                  | Orb.
     0 | D:1      | Reached XP level 1. HP: 16/16 MP: 1/1
   211 | D:1      | Gained mutation: You are partially covered in icy blue
                  | scales. (AC +2) [demonic ancestry]
   211 | D:1      | Reached XP level 2. HP: 17/22 MP: 2/2
   451 | D:1      | Reached skill level 3 in Axes
   768 | D:1      | Gained mutation: You are mostly covered in icy blue scales.
                  | (AC +3) [demonic ancestry]
   768 | D:1      | Reached XP level 3. HP: 27/27 MP: 3/3
  1192 | D:2      | Reached skill level 1 in Armour
  1192 | D:2      | Reached XP level 4. HP: 31/33 MP: 4/4
  1780 | D:2      | Reached skill level 4 in Axes
  1856 | D:2      | Reached XP level 5. HP: 32/39 MP: 5/5
  2304 | D:3      | Found a shadowy altar of Dithmenos.
  2343 | D:3      | Gained mutation: You have sharp fingernails. [demonic
                  | ancestry]
  2343 | D:3      | Reached XP level 6. HP: 7/46 MP: 6/6
  2345 | D:3      | Reached skill level 5 in Axes
  2346 | D:3      | Slain by a killer bee

Illustrated notes

Levels and vault maps discovered:
D:1:      dpeg_arrival_tiny_j, layout_basic, minmay_heptomino_l4
D:2:      cheibrodos_fertilizer, layout_basic
D:3:      layout_rooms, grunt_dithmenos_smoke_and_mirrors

Skill      XL: |  1  2  3  4  5  6 |
---------------+-------------------+-----
Dodging        | 3 |  3.5
Axes           | 3 4 5 |  5.0
Armour         | 1 2 |  2.1
Fighting       | |  2.8
Throwing       | |  1.8
Stealth        | |  0.4

Action                   |  1- 3 |  4- 6 || total
-------------------------+-------+-------++-------
Melee: War axe           |   128 |   101 ||   229
  Use: Potion            |       |     1 ||     1
 Stab: Sleeping          |       |     2 ||     2
Armor: Leather armour    |    59 |    40 ||    99
Dodge: Dodged            |   127 |    77 ||   204

Table legend: (Time is in decaauts)
 A = Elapsed time spent in this place.
 B = Non-inter-level travel time spent in this place.
 C = Inter-level travel time spent in this place.
 D = Time resting spent in this place.
 E = Time spent auto-exploring this place.
 F = Levels seen in this place.
 G = Mean time per level.
                   A        B        C        D        E       F      G
               +--------+--------+--------+--------+--------+-----+--------+
         Total |   2416 |   2351 |     65 |    146 |   1663 |   3 |  805.3 |
       Dungeon |   2416 |   2351 |     65 |    146 |   1663 |   3 |  805.3 |
               +--------+--------+--------+--------+--------+-----+--------+

Top non-repeatable levels by time:
     D:2: 1344 daAuts
     D:1: 935 daAuts
     D:3: 135 daAuts
